AoeStats
← zamithdaniel

Black Forest

508540073Analyzed
2v2 RM · 10d ago on Sep 22, 2026· 50m 25s· 4 players
Game mode
Random Map
Map size
Medium (4 player)
Population
200
Speed
Normal
Resources
Standard
Victory
Conquest
Starting age
Dark Age
Ending age
Imperial Age
RankedLock teamsTeams togetherTeam positionsShared explorationLock speedFull tech treeHidden civsTurbo modeCheats
Victory
Defeat
🇵🇪 Armenians · Peru
973
+16
🇵🇪 Inca · Peru
871
+20
🇲🇽 Huns · Mexico
1015
-20
🇨🇴 Turks · Colombia
928
-16
Fer1024
0:41 Loom
12:43 Feudal Age
18:00 Castle Age
15:58 Double-Bit Axe
15:53 Horse Collar
16:03 Horse Collar
16:58 Gold Mining
17:14 Champi Runner
27:25 Heavy Plow
27:47 Bow Saw
28:40 Stone Mining
29:28 Fletching
31:12 Gold Shaft Mining
31:17 Stone Shaft Mining
30:34 Champi Warrior
31:26 Squires
30:48 Pikeman
32:46 Wheelbarrow
32:23 Caravan
33:11 Andean Sling
33:24 Forging
33:14 Scale Mail Armor
33:56 Hand Cart
38:36 Imperial Age
38:53 Ballistics
39:50 Iron Casting
39:30 Chain Mail Armor
38:42 Onager
38:48 Elite Champi Warrior
39:54 Conscription
40:38 Chemistry
40:55 Elite Kamayuk
43:21 Blast Furnace
42:51 Plate Mail Armor
42:17 Bodkin Arrow
42:22 Padded Archer Armor
43:45 Fabric Shields
47:28 Bracer
47:43 Leather Archer Armor
47:31 Capped Ram
47:36 Elite Skirmisher
48:21 Thumb Ring
50:45 Ring Archer Armor
Juan el bAUTISTA
9:35 Loom
11:57 Feudal Age
12:22 Feudal Age
17:21 Castle Age
15:13 Double-Bit Axe
15:34 Man-at-Arms
16:21 Scale Mail Armor
16:17 Horse Collar
16:23 Long Swordsman
18:29 Forging
18:59 Two-Handed Swordsman
22:06 Pikeman
24:41 Wheelbarrow
29:06 Iron Casting
29:18 Gambesons
29:33 Squires
32:56 Imperial Age
30:15 Town Watch
31:56 Chain Mail Armor
31:45 Gold Mining
32:08 Bow Saw
32:17 Hand Cart
33:03 Fletching
33:50 Stone Mining
34:35 Capped Ram
35:39 Redemption
35:46 Block Printing
36:36 Gold Shaft Mining
36:21 Halberdier
37:43 Plate Mail Armor
38:15 Blast Furnace
38:22 Ballistics
39:03 Chemistry
42:23 Bodkin Arrow
42:29 Padded Archer Armor
41:54 Onager
42:59 Arson
45:19 Champion
47:55 Conscription
50:08 Elite Skirmisher
dafr1997
2:02 Loom
11:46 Feudal Age
14:04 Wheelbarrow
15:39 Castle Age
21:06 Fletching
22:40 Double-Bit Axe
25:35 Wheelbarrow
26:51 Bodkin Arrow
31:35 Ballistics
32:56 Hand Cart
33:28 Caravan
33:46 Masonry
33:38 Murder Holes
34:59 Horse Collar
35:12 Town Watch
39:44 Imperial Age
37:34 Bloodlines
39:12 Husbandry
38:32 Light Cavalry
41:46 Hussar
43:06 Bow Saw
43:37 Padded Archer Armor
43:38 Bracer
43:49 Forging
43:44 Scale Barding Armor
43:42 Heavy Plow
44:21 Conscription
44:10 Gold Mining
zamithdaniel
10:48 Feudal Age
11:43 Double-Bit Axe
11:40 Horse Collar
17:43 Castle Age
17:12 Horse Collar
21:03 Heavy Plow
22:24 Bow Saw
25:19 Gold Mining
25:21 Stone Mining
27:19 Fortified Wall
28:33 Loom
29:24 Wheelbarrow
28:36 Town Watch
33:46 Imperial Age
31:43 Padded Archer Armor
31:53 Forging
31:49 Scale Barding Armor
34:24 Hand Cart
33:57 Town Watch
34:33 Bloodlines
34:24 Husbandry
35:54 Gold Shaft Mining
35:57 Conscription
35:56 Leather Archer Armor
36:17 Iron Casting
36:03 Chain Barding Armor
38:06 Artillery
40:05 Elite Janissary
41:23 Ring Archer Armor
41:30 Plate Barding Armor
42:18 Blast Furnace
42:17 Town Patrol
Connection lost

Rejoining the realm…

Still unreachable

The connection could not be restored.

Session expired

The server has moved on; the page needs a fresh start.